AoeStats
← Dragon

Oasis

508759722Analyzed
2v2 RM · 8d ago on Sep 23, 2026· 31m 59s· 4 players
Game mode
Random Map
Map size
Medium (4 player)
Population
200
Speed
Normal
Resources
Standard
Victory
Conquest
Starting age
Dark Age
Ending age
Imperial Age
RankedLock teamsTeams togetherTeam positionsShared explorationLock speedFull tech treeHidden civsTurbo modeCheats
Victory
Defeat
🇲🇽 Khmer · Mexico
1308
+16
🇦🇷 Inca · Argentina
1153
+22
🇩🇪 Saxons · Germany
1312
-20
🇩🇪 Byzantines · Germany
1272
-18
JonMar
9:03 Loom
10:50 Feudal Age
14:02 Castle Age
13:38 Loom
13:41 Town Watch
14:01 Horse Collar
24:11 Wheelbarrow
25:18 Redemption
29:42 Imperial Age
29:36 Light Cavalry
32:12 Conscription
Marsellus Wallace
7:32 Loom
9:59 Feudal Age
10:40 Double-Bit Axe
11:22 Champi Runner
12:40 Scale Mail Armor
13:48 Forging
21:22 Castle Age
19:39 Horse Collar
20:26 Gold Mining
21:06 Fletching
21:17 Padded Archer Armor
22:35 Crossbowman
25:01 Bodkin Arrow
25:58 Heavy Plow
28:05 Thumb Ring
29:43 Ballistics
31:07 Leather Archer Armor
32:33 Wheelbarrow
Dragon
6:06 Loom
11:07 Feudal Age
12:54 Man-at-Arms
16:00 Scale Mail Armor
18:57 Forging
23:17 Castle Age
21:36 Double-Bit Axe
21:33 Horse Collar
26:24 Bow Saw
26:10 Fletching
siggi-lok
4:17 Loom
12:02 Feudal Age
15:38 Castle Age
14:03 Double-Bit Axe
14:02 Horse Collar
17:02 Heavy Plow
17:16 Bow Saw
18:15 Stone Mining
21:41 Scale Barding Armor
21:47 Forging
23:54 Husbandry
Connection lost

Rejoining the realm…

Still unreachable

The connection could not be restored.

Session expired

The server has moved on; the page needs a fresh start.